AoeStats
← KDA HDT

Arabia

509096493Analyzed
4v4 RM · 7d ago on Sep 25, 2026· 33m 8s· 8 players
Game mode
Random Map
Map size
Large (8 player)
Population
200
Speed
Normal
Resources
Standard
Victory
Conquest
Starting age
Dark Age
Ending age
Imperial Age
RankedLock teamsTeams togetherTeam positionsShared explorationLock speedFull tech treeHidden civsTurbo modeCheats
Victory
Defeat
🇹🇼 Britons · Taiwan
2020
+7
🇩🇪 Khitans · Germany
1768
+17
🇦🇷 Saxons · Argentina
1618
+23
🇹🇼 Franks · Taiwan
1609
+23
🇺🇸 Britons · United States
1850
-20
🇻🇳 Ethiopians · Vietnam
1789
-18
🇻🇳 Franks · Vietnam
1775
-17
🇻🇳 Persians · Vietnam
1731
-15
康寶羊
5:56 Loom
8:45 Feudal Age
12:24 Fletching
17:46 Padded Archer Armor
23:32 Castle Age
21:55 Gold Mining
21:50 Double-Bit Axe
24:10 Bodkin Arrow
23:37 Crossbowman
24:44 Bow Saw
25:28 Leather Archer Armor
26:14 Ballistics
27:11 Thumb Ring
32:46 Wheelbarrow
KhiTans
8:58 Feudal Age
9:25 Double-Bit Axe
9:20 Domestication
9:55 Loom
14:51 Forging
16:00 Scale Barding Armor
26:41 Castle Age
26:45 Gold Mining
26:52 Light Cavalry
27:32 Husbandry
28:01 Chain Barding Armor
32:43 Iron Casting
32:51 Pastoralism
Sumi
6:44 Loom
9:15 Feudal Age
9:49 Double-Bit Axe
16:48 Scale Barding Armor
20:04 Forging
23:31 Wheelbarrow
26:10 Castle Age
24:40 Gold Mining
27:31 Chain Barding Armor
27:12 Husbandry
ANKR.Blve
6:37 Loom
8:49 Feudal Age
9:34 Double-Bit Axe
14:23 Fletching
21:35 Castle Age
19:42 Horse Collar
20:02 Gold Mining
20:34 Padded Archer Armor
22:10 Bodkin Arrow
23:09 Bow Saw
22:40 Crossbowman
24:04 Ballistics
26:29 Heavy Plow
27:18 Wheelbarrow
31:28 Hand Cart
33:22 Town Watch
ĐLucky
6:29 Loom
8:44 Feudal Age
11:17 Fletching
19:05 Padded Archer Armor
25:04 Castle Age
24:30 Double-Bit Axe
24:25 Horse Collar
25:07 Crossbowman
26:39 Bodkin Arrow
29:52 Ballistics
31:12 Bow Saw
KDA HDT
5:59 Loom
8:48 Feudal Age
9:32 Double-Bit Axe
15:39 Scale Barding Armor
18:53 Wheelbarrow
19:07 Forging
23:27 Castle Age
21:59 Gold Mining
24:32 Chain Barding Armor
26:55 Husbandry
DL-ĐệNhị
5:56 Loom
8:27 Feudal Age
9:04 Double-Bit Axe
9:17 Horse Collar
15:53 Scale Barding Armor
17:31 Bloodlines
18:07 Forging
19:01 Wheelbarrow
23:04 Castle Age
20:56 Gold Mining
23:57 Chain Barding Armor
24:45 Husbandry
28:26 Bow Saw
NaiLiu
6:05 Loom
8:44 Feudal Age
12:56 Fletching
15:43 Double-Bit Axe
16:54 Padded Archer Armor
23:21 Castle Age
22:25 Gold Mining
23:24 Crossbowman
23:59 Bodkin Arrow
25:30 Ballistics
27:21 Bow Saw
28:58 Leather Archer Armor
32:16 Wheelbarrow
Connection lost

Rejoining the realm…

Still unreachable

The connection could not be restored.

Session expired

The server has moved on; the page needs a fresh start.